 Dungeon Crawl Stone Soup version 0.29-a0-541-gaf1fc19f1b (webtiles) character file.

Game seed: 16371648964204178464

65674 Charly the Eclecticist (level 14, 86/86 HPs)
             Began as a Deep Elf Hedge Wizard on May 23, 2022.
             Was a High Priest of Vehumet.
             Quit the game on level 14 of the Dungeon on June 2, 2022.
             The game lasted 02:19:23 (27999 turns).

Charly the Eclecticist (Deep Elf Hedge Wizard)     Turns: 27999, Time: 02:19:24

Health: 86/86      AC: 14    Str: 12    XL:     14   Next: 76%
Magic:  22/46      EV: 16    Int: 25    God:    Vehumet [*****.]
Gold:   837        SH:  0    Dex: 18    Spells: 10/48 levels left

rFire   . . .      SeeInvis +   c - +2 falchion "Tustrod" {protect, rC++ Str+5 Dex+4}
rCold   + + .      Faith    .   (no shield)
rNeg    . . .      Spirit   .   H - +0 leather armour of Vuyragar {rElec Regen+ rCorr Stlth+}
rPois   .          Reflect  .   z - +0 mask of the Dragon {Will+ Slay+3 SInv}
rElec   +          Harm     .   u - +1 cloak
rCorr   +          Rampage  .   t - +2 pair of gloves {Stlth+}
Will    ++...                   O - +1 pair of boots {Fly}
Stlth   ++++......              U - amulet of magic regeneration
HPRegen 1.04/turn               h - ring of magical power
MPRegen 0.70/turn               a - +4 ring of protection

@: flying
A: no striking features
a: Renounce Religion


You were on level 14 of the Dungeon.
You worshipped Vehumet.
Vehumet was extremely pleased with you.
You visited 2 branches of the dungeon, and saw 20 of its levels.
You also visited: Sewer, Bailey and Volcano.

You collected 1776 gold pieces.
You spent 939 gold pieces at shops.

Inventory:

Hand Weapons
 b - the +11 whip of Youthful Indiscretion {flame, rElec Will- rCorr Str+3}
   (You found it on level 8 of the Dungeon)

   It burns those it strikes, dealing additional fire damage.
   Str:       It affects your strength (+3).
   rElec:     It insulates you from electricity.
   rCorr:     It protects you from acid and corrosion.
   Will:      It decreases your willpower.
 c - the +2 falchion "Tustrod" (weapon) {protect, rC++ Str+5 Dex+4}
   (You found it on level 2 of the Lair of Beasts)

   It grants its wielder temporary protection when it strikes (+7 to AC).
   Str:       It affects your strength (+5).
   Dex:       It affects your dexterity (+4).
   rC:        It greatly protects you from cold.
Missiles
 v - 10 curare-tipped darts
 I - a throwing net
Armour
 t - a +2 pair of gloves of stealth (worn)
 u - a +1 cloak (worn)
 z - the +0 mask of the Dragon (worn) {Will+ Slay+3 SInv}
   (You bought it in a shop on level 1 of the Dungeon)

   Slay:      It affects your accuracy & damage with ranged weapons and melee
   (+3).
   SInv:      It lets you see invisible.
   Will:      It increases your willpower.
 H - the +0 leather armour of Vuyragar (worn) {rElec Regen+ rCorr Stlth+}
   (You found it on level 7 of the Dungeon)

   rElec:     It insulates you from electricity.
   Regen:     It increases your rate of health regeneration.
   rCorr:     It protects you from acid and corrosion.
   Stlth:     It makes you more stealthy.
 O - a +1 pair of boots of flying (worn)
Jewellery
 a - a +4 ring of protection (right hand)
 h - a ring of magical power (left hand)
 m - a ring of willpower
 n - a ring of positive energy
 p - a ring of poison resistance
 x - an amulet of reflection
 L - a ring of flight
 U - an amulet of magic regeneration (around neck)
 V - a +6 ring of dexterity
Wands
 j - a wand of paralysis (8)
 k - a wand of iceblast (2)
 y - a wand of polymorph (6)
 B - a wand of mindburst (13)
 E - a wand of acid (9)
 G - a wand of flame (56)
 K - a wand of charming (9)
Scrolls
 f - 5 scrolls of fear
 s - a scroll of blinking
 w - 7 scrolls of teleportation
 C - 3 scrolls of enchant weapon
 F - 3 scrolls of fog
 N - a scroll of immolation
 S - a scroll of torment
 T - a scroll of summoning
 W - a scroll of magic mapping
Potions
 d - 3 potions of magic
 e - 8 potions of brilliance
 g - 6 potions of haste
 i - 11 potions of curing
 l - 6 potions of attraction
 o - 7 potions of heal wounds
 q - 3 potions of cancellation
 r - 7 potions of flight
 A - 5 potions of lignification
 D - 14 potions of ambrosia
 J - 3 potions of might
 P - a potion of berserk rage
 Q - 4 potions of mutation
 R - 3 potions of resistance
Miscellaneous
 M - a box of beasts


   Skills:
 + Level 9.4 Fighting
 - Level 7.5 Dodging
 - Level 2.5 Stealth
 + Level 17.7 Spellcasting
 + Level 15.8 Conjurations
 - Level 8.0 Hexes
 - Level 1.1 Summonings
 - Level 4.0 Translocations
 + Level 4.7 Transmutations
 - Level 4.0 Fire Magic
 - Level 7.0 Air Magic
 - Level 3.0 Poison Magic
 - Level 5.0 Evocations


You had 10 spell levels left.
You knew the following spells:

 Your Spells              Type           Power      Damage    Failure   Level
a - Iskenderun's Battles  Conj           79%        2d13      1%          5
b - Blink                 Tloc           84%        N/A       1%          2
c - Conjure Flame         Conj/Fire      64%        6-21      1%          3
l - Lightning Bolt        Conj/Air       34%        1d51      1%          5
m - Mephitic Cloud        Conj/Pois/Air  60%        N/A       1%          3
p - Fulminant Prism       Conj/Hex       34%        3d16      1%          4
t - Tukima's Dance        Hex            58%        N/A       1%          3
y - Yara's Violent Unrav  Hex/Tmut       26%        3d11      1%          5
z - Irradiate             Conj/Tmut      32%        3d24      1%          5
I - Inner Flame           Hex/Fire       51%        N/A       1%          3

Your spell library contained the following spells:

 Spells                   Type           Power      Damage    Failure   Level
 Magic Dart               Conj           100%       1d8       0%          1
 Searing Ray              Conj           100%       2d8       0%          2
 Shock                    Conj/Air       100%       1d9       1%          1
 Slow                     Hex            100%       N/A       1%          1
 Swiftness                Air            54%        N/A       1%          3
 Airstrike                Air            27%        N/A       1%          4
 Cause Fear               Hex            29%        N/A       1%          4
 Call Imp                 Summ           27%        N/A       2%          2
 Passage of Golubria      Tloc           42%        N/A       5%          4
 Petrify                  Tmut/Erth      33%        N/A       11%         4
 Metabolic Englaciation   Hex/Ice        21%        N/A       16%         5
 Statue Form              Tmut/Erth      22%        N/A       86%         6
 Discord                  Hex            29%        N/A       100%        8


Dungeon Overview and Level Annotations

Branches:
Dungeon (14/15)            Temple (0/1) D:4            Lair (6/6) D:8
  Swamp (0/4) Lair:3       Spider (0/4) Lair:4        Slime (0/5) Lair:6
    Orc (0/2) D:9          Vaults (0/5) D:13          Sewer (visited)
 Bailey (visited)         Volcano (visited)

Altars:
Ashenzari
Elyvilon
Fedhas
Kikubaaqudgha
Makhleb
Okawaru
Qazlal
Ru
Sif Muna
Vehumet
Wu Jian
Yredelemnul
Zin
The Shining One
Jiyva

Shops:
D:1 [   D:3 *   D:8 [   D:11 (   D:12 !

Annotations:
D:14 2 runed translucent doors


Message History

Press: ? - help, Q - select action, (/) - cycle Shift-Dir - straight line, f/p - brown ugly thing
Aim: a brown ugly thing (severely wounded, 64% to hit)
You hear a mighty clap of thunder!
The bolt of lightning hits the brown ugly thing!!!
You kill the brown ugly thing!
Vehumet accepts your kill.
You feel your power returning.
The bolt of lightning hits the brown ugly thing!!!
You kill the brown ugly thing!
Vehumet accepts your kill.
The bolt of lightning hits the brown ugly thing.
The brown ugly thing is severely wounded.
Aiming: Lightning Bolt (mildly dangerous; 1% risk of failure)
Press: ? - help, Q - select action, (/) - cycle Shift-Dir - straight line, f/p - brown ugly thing
Aim: a brown ugly thing (severely wounded, 64% to hit)
You hear a mighty clap of thunder!
The bolt of lightning hits the brown ugly thing!
The brown ugly thing is almost dead.
Aiming: Lightning Bolt (mildly dangerous; 1% risk of failure)
Press: ? - help, Q - select action, (/) - cycle Shift-Dir - straight line, f/p - brown ugly thing
Aim: a brown ugly thing (almost dead, 64% to hit)
You hear a mighty clap of thunder!
The bolt of lightning hits the brown ugly thing but does no damage.
The brown ugly thing is almost dead.
Aiming: Lightning Bolt (mildly dangerous; 1% risk of failure)
Press: ? - help, Q - select action, (/) - cycle Shift-Dir - straight line, f/p - brown ugly thing
Aim: a brown ugly thing (almost dead, 64% to hit)
You hear a mighty clap of thunder!
The bolt of lightning hits the brown ugly thing!
You kill the brown ugly thing!
Vehumet accepts your kill.
You feel your power returning.
Okay, then.
Okay, then.
Save game and exit?
Level annotation: 2 runed translucent doors Welcome back, Charly the Deep Elf Hedge Wizard.
Vehumet says: Let it end in hellfire!
Press ? for a list of commands and other information.
Are you sure you want to abandon this character and quit the game? (Confirm with "yes".)

#.# #.# #.# #.# ##### #.#
....# #.# ....# #)#
....########.#########
.......)...)....@>...#
...#.###...#..)......######
...#..##)..##.##..........#
...##.#######.............#
... #..# #..#####......#
... ##.# #..#<.........#
.## #.# #..######.....# .##
#.## #.............#
#.z##..# #....####.....#


There were no monsters in sight!

Vanquished Creatures
  Gastronok (Lair:2)
  5 hydras
  3 boulder beetles
  3 two-headed ogres
  3 centaur warriors
  Sonja (D:11)
  A sun demon (Volcano)
  An orc sorcerer (Volcano)
  4 deep elf pyromancers
  An orc knight (Bailey)
  A cyclops (D:14)
  The ghost of eyesofgods1 the Cudgeller, a novice OpFi (D:6)
  7 ugly things
  6 elephants
  A rust devil (D:11)
  18 cane toads
  5 black mambas
  A torpor snail (Lair:2)
  An unseen horror (shapeshifter) (D:13)
  An unseen horror (D:12)
  A kobold demonologist (D:12)
  10 komodo dragons
  2 red devils (Volcano)
  A meliai (shapeshifter) (D:13)
  6 meliai
  5 tyrant leeches (Lair:6)
  A queen bee (Lair:3)
  2 polar bears
  2 trolls
  A queen bee (shapeshifter) (D:13)
  17 blink frogs
  A hornet (D:11)
  14 slime creatures
  6 culicivoras (Lair:4)
  A jumping spider (Lair:4)
  A shadow (D:11)
  4 wyverns
  56 yaks
  A vampire (D:13)
  2 wraiths
  The ghost of p0werm0de the Skirmisher, an amateur PaFi of Okawaru (D:3)
  4 basilisks
  3 dancing weapons
  2 redbacks (Lair:4)
  15 vampire mosquitoes
  3 fire bats (Lair:5)
  A steam dragon (D:7)
  Edmund (D:4)
  2 acid dragons
  16 water moccasins
  3 hell hounds (Volcano)
  9 orc warriors
  4 black bears
  A sky beast (D:5)
  An ice beast (D:7)
  The ghost of zxcv the Skirmisher, an amateur PaFi (D:3)
  10 centaurs
  44 wolves
  3 ogres (D:5)
  4 kobold brigands
  15 bullfrogs
  2 gnoll sergeants
  2 necrophages
  2 scorpions
  35 killer bees
  The ghost of QuickerDeath the Skirmisher, a weakling HuAK of Lugonu (D:3)
  3 jellies
  3 quasits (D:6)
  A hound (D:6)
  3 orc priests
  7 orc wizards
  Natasha (thrice) (D:4)
  4 iguanas
  10 gnolls
  2 adders
  A white imp (D:3)
  3 worms
  3 dart slugs (D:1)
  33 orcs
  10 ball pythons
  13 endoplasms
  5 giant cockroaches
  11 hobgoblins
  2 jackals (D:2)
  58 kobolds
  4 quokkas
  5 bats
  3 frilled lizards
  9 goblins
  9 rats
  2 fulminant prisms
591 creatures vanquished.

Vanquished Creatures (collateral kills)
  A komodo dragon (Lair:6)
  An orc warrior (Bailey)
  A killer bee (D:10)
  A jelly (D:5)
  Robin (D:3)
  2 gnolls (D:2)
  2 adders
  An ufetubus (D:4)
  A giant cockroach (D:3)
  2 goblins
  2 hobgoblins (D:3)
  A kobold (D:1)
16 creatures vanquished.

Vanquished Creatures (others)
  An ugly thing (Volcano)
  A blink frog (Lair:6)
  A dancing weapon (Bailey)
  2 bushes (Lair:6)
  196 fulminant prisms
  45 fungi
  146 plants
  4 withered plants (D:3)
396 creatures vanquished.

Grand Total: 1003 creatures vanquished

Notes
Turn   | Place    | Note
-------+----------+-------------------------------------------
     0 | D:1      | Charly the Deep Elf Hedge Wizard began the quest for the
                  | Orb.
     0 | D:1      | Reached XP level 1. HP: 10/10 MP: 7/7
   152 | D:1      | Reached skill level 1 in Fighting
   292 | D:1      | Reached XP level 2. HP: 16/16 MP: 5/9
   337 | D:1      | Learned a level 1 spell: Slow
   340 | D:1      | Learned a level 2 spell: Blink
   343 | D:1      | Learned a level 2 spell: Call Imp
   462 | D:1      | Found Efieppig's Armour Emporium.
  1406 | D:1      | Reached XP level 3. HP: 21/21 MP: 4/10
  1410 | D:1      | Learned a level 3 spell: Mephitic Cloud
  2441 | D:2      | Identified the +6 hunting sling of Evolution {vorpal, rF-
                  | Will- Str+6}
  2835 | D:2      | Reached XP level 4. HP: 26/26 MP: 12/12
  3105 | D:3      | Found Cumag's Assorted Antiques.
  3112 | D:3      | Bought 2 brown potions for 46 gold pieces
  3112 | D:3      | Bought a scroll labelled ZUICKY IMUIQ for 26 gold pieces
  3112 | D:3      | Bought a scroll labelled HEIRRUBRAR for 26 gold pieces
  3303 | D:3      | Found a runed translucent gate.
  3303 | D:3      | Found a runed translucent gate.
  3304 | D:3      | Found a runed translucent gate.
  3306 | D:3      | Noticed zxcv's ghost (amateur PaFi)
  3306 | D:3      | Noticed QuickerDeath's ghost (weakling HuAK)
  3306 | D:3      | Noticed p0werm0de's ghost (amateur PaFi)
  3366 | D:3      | Noticed Robin
  3618 | D:3      | Found a glowing drain.
  3644 | Sewer    | Entered a sewer
  3698 | Sewer    | Noticed Pargi
  4232 | D:3      | Killed Robin
  4243 | D:3      | Reached XP level 5. HP: 30/30 MP: 13/13
  4495 | D:4      | Learned a level 3 spell: Conjure Flame
  4541 | D:4      | Noticed Edmund
  4572 | D:4      | Noticed Natasha
  4581 | D:5      | Entered Level 5 of the Dungeon
  4703 | D:5      | Found a radiant altar of Vehumet.
  4707 | D:5      | Became a worshipper of Vehumet
  4722 | D:5      | Reached skill level 1 in Air Magic
  4722 | D:5      | Reached skill level 1 in Poison Magic
  4727 | D:5      | Noticed an ogre
  4739 | D:5      | Killed an ogre
  4774 | D:4      | Reached XP level 6. HP: 35/35 MP: 14/14
  4969 | D:4      | Found a staircase to the Ecumenical Temple.
  5097 | D:3      | Bought a scroll of identify for 52 gold pieces
  5257 | D:4      | Reached skill level 5 in Conjurations
  5390 | D:4      | Killed Edmund
  5763 | D:5      | Reached XP level 7. HP: 39/39 MP: 16/16
  5844 | D:5      | Reached skill level 5 in Spellcasting
  5964 | D:5      | Reached skill level 1 in Fire Magic
  6035 | D:5      | Noticed a yak
  6041 | D:5      | Noticed a yak
  6043 | D:5      | Noticed a yak
  6048 | D:5      | Killed a yak
  6048 | D:5      | Reached * piety under Vehumet
  6048 | D:5      | Offered knowledge of Foxfire by Vehumet.
  6049 | D:5      | Reached skill level 6 in Spellcasting
  6049 | D:5      | Reached XP level 8. HP: 44/44 MP: 10/19
  6063 | D:5      | Learned a level 3 spell: Inner Flame
  6076 | D:5      | Reached skill level 1 in Hexes
  6577 | D:6      | Found an ornate altar of the Wu Jian Council.
  6579 | D:6      | Found a glowing golden altar of the Shining One.
  6583 | D:6      | Found an iron altar of Okawaru.
  6672 | D:6      | Found a broken altar of Ashenzari.
  6676 | D:6      | Found a glowing silver altar of Zin.
  7098 | D:6      | Reached skill level 7 in Spellcasting
  7133 | D:6      | Found a stormy altar of Qazlal.
  7257 | D:6      | Found a transporter.
  7286 | D:6      | Noticed eyesofgods1's ghost (novice OpFi)
  7301 | D:6      | Found a transporter.
  7947 | D:4      | Found a staircase to the Ecumenical Temple.
  8131 | D:4      | Killed Natasha
  8415 | D:4      | Noticed Natasha
  8640 | D:4      | Found a staircase to the Ecumenical Temple.
  8767 | D:4      | Killed Natasha
  9016 | D:4      | Noticed Natasha
  9022 | D:4      | Killed Natasha
  9361 | D:4      | Found a staircase to the Ecumenical Temple.
  9697 | D:7      | Learned a level 3 spell: Tukima's Dance
  9768 | D:7      | Identified the +0 leather armour of Vuyragar {rElec Regen+
                  | rCorr Stlth+}
 10329 | D:7      | Found a sacrificial altar of Ru.
 10358 | D:7      | Reached XP level 9. HP: 30/48 MP: 22/22
 10439 | D:7      | Learned a level 4 spell: Fulminant Prism
 10512 | D:7      | Reached skill level 8 in Spellcasting
 10523 | D:7      | Reached skill level 1 in Evocations
 11418 | D:7      | Offered knowledge of Shock by Vehumet.
 11539 | D:3      | Killed QuickerDeath's ghost
 11539 | D:3      | Killed zxcv's ghost
 11549 | D:3      | Killed p0werm0de's ghost
 11549 | D:3      | Reached ** piety under Vehumet
 11918 | D:8      | Found a shimmering blue altar of Sif Muna.
 11933 | D:8      | Noticed a two-headed ogre
 11949 | D:8      | Killed a two-headed ogre
 11950 | D:8      | Reached skill level 5 in Hexes
 12042 | D:8      | Reached skill level 9 in Spellcasting
 12188 | D:8      | Found a white marble altar of Elyvilon.
 12352 | D:8      | Found a basalt altar of Yredelemnul.
 12400 | D:8      | Reached XP level 10. HP: 56/56 MP: 22/25
 12524 | D:8      | Identified the +11 whip of Youthful Indiscretion {flame,
                  | rElec Will- rCorr Str+3}
 12949 | D:8      | Found a staircase to the Lair.
 12991 | D:8      | Offered knowledge of Static Discharge by Vehumet.
 12995 | D:8      | Learned a level 2 spell: Searing Ray
 13155 | D:8      | Found Yradad Susch's Antique Armour Boutique.
 13655 | D:9      | Found a flagged portal.
 13673 | D:8      | Bought a runed robe for 114 gold pieces
 13697 | Bailey   | Entered a bailey
 13705 | Bailey   | Noticed an orc knight
 13918 | Bailey   | Reached skill level 10 in Spellcasting
 13918 | Bailey   | Reached skill level 5 in Evocations
 13947 | Bailey   | Reached *** piety under Vehumet
 14203 | Bailey   | Killed an orc knight
 14670 | D:1      | Bought the +0 mask of the Dragon {Will+ Slay+3 SInv} for
                  | 334 gold pieces
 14670 | D:1      | Found the +0 mask of the Dragon {Will+ Slay+3 SInv}
 14981 | D:9      | Reached skill level 5 in Fighting
 14981 | D:9      | Reached skill level 10 in Conjurations
 15077 | D:9      | Found a staircase to the Orcish Mines.
 15317 | D:9      | Found a blossoming altar of Fedhas.
 15463 | D:9      | Offered knowledge of Hailstorm by Vehumet.
 15669 | D:10     | Entered Level 10 of the Dungeon
 15705 | D:10     | Noticed a two-headed ogre
 15733 | D:10     | Reached XP level 11. HP: 34/64 MP: 22/27
 16170 | D:10     | Found an ancient bone altar of Kikubaaqudgha.
 16239 | D:10     | Killed a two-headed ogre
 16240 | D:10     | Reached skill level 11 in Spellcasting
 16892 | Lair:1   | Entered Level 1 of the Lair of Beasts
 16906 | Lair:1   | Reached **** piety under Vehumet
 16907 | Lair:1   | Offered knowledge of Lightning Bolt by Vehumet.
 16924 | Lair:1   | Learned a level 5 spell: Lightning Bolt
 17031 | Lair:1   | Noticed a four-headed hydra
 17039 | Lair:1   | Killed a four-headed hydra
 17040 | Lair:1   | Reached skill level 12 in Spellcasting
 17479 | Lair:1   | Noticed a four-headed hydra
 17498 | Lair:1   | Killed a four-headed hydra
 17915 | Lair:1   | Reached XP level 12. HP: 72/72 MP: 25/30
 18398 | Lair:2   | Reached skill level 5 in Air Magic
 18430 | Lair:2   | Reached skill level 13 in Spellcasting
 18468 | Lair:2   | Noticed Gastronok
 18655 | Lair:2   | Noticed a four-headed hydra
 18829 | Lair:2   | Killed a four-headed hydra
 18865 | Lair:2   | Killed Gastronok
 19050 | Lair:2   | Identified the +2 falchion "Tustrod" {protect, rC++ Str+5
                  | Dex+4}
 19915 | Lair:3   | Reached skill level 14 in Spellcasting
 20156 | Lair:3   | Found a staircase to the Swamp.
 20188 | Lair:3   | Reached ***** piety under Vehumet
 20188 | Lair:3   | Offered knowledge of Eringya's Noxious Bog by Vehumet.
 21076 | Lair:4   | Reached XP level 13. HP: 63/78 MP: 14/33
 21749 | Lair:4   | Reached skill level 15 in Spellcasting
 21885 | Lair:4   | Found a hole to the Spider Nest.
 22580 | Lair:5   | Found a dark tunnel.
 22589 | Volcano  | Entered a volcano
 22610 | Volcano  | Reached skill level 5 in Dodging
 22628 | Volcano  | Offered knowledge of Iskenderun's Battlesphere by Vehumet.
 22715 | Lair:5   | Learned a level 5 spell: Iskenderun's Battlesphere
 23391 | Lair:6   | Entered Level 6 of the Lair of Beasts
 23458 | Lair:6   | Reached skill level 16 in Spellcasting
 23753 | Lair:6   | Found a viscous altar of Jiyva.
 23753 | Lair:6   | Found a staircase to the Slime Pits.
 23757 | Lair:6   | Reached XP level 14. HP: 84/84 MP: 36/36
 24032 | Lair:6   | Reached skill level 15 in Conjurations
 24254 | Lair:6   | Identified the +8 plate armour "Pixall" {rC+}
 24563 | Lair:6   | Learned a level 5 spell: Yara's Violent Unravelling
 24754 | D:6      | Killed eyesofgods1's ghost
 25072 | D:11     | Found a burning altar of Makhleb.
 25078 | D:11     | Noticed Sonja
 25081 | D:11     | Killed Sonja
 25082 | D:11     | Reached skill level 1 in Transmutations
 25341 | D:11     | Found Sozacush's Antique Weapon Emporium.
 25798 | D:12     | Reached skill level 17 in Spellcasting
 25880 | D:12     | Found a blossoming altar of Fedhas.
 26169 | D:12     | Found Teohuwa's Distillery.
 26173 | D:12     | Offered knowledge of Irradiate by Vehumet.
 26185 | D:12     | Learned a level 5 spell: Irradiate
 26245 | D:12     | Bought a potion of heal wounds for 55 gold pieces
 26245 | D:12     | Bought a potion of heal wounds for 55 gold pieces
 26245 | D:12     | Bought a potion of heal wounds for 55 gold pieces
 26245 | D:12     | Bought a potion of brilliance for 44 gold pieces
 26245 | D:12     | Bought 2 potions of brilliance for 88 gold pieces
 26245 | D:12     | Bought a potion of brilliance for 44 gold pieces
 27091 | D:13     | Found a stormy altar of Qazlal.
 27457 | D:13     | Found a gate to the Vaults.
 27932 | D:14     | Found a runed translucent door.
 27936 | D:14     | Noticed a lich
 27936 | D:14     | Noticed a fire giant
 27949 | D:14     | Found a runed translucent door.
 27949 | D:14     | Noticed a tengu reaver
 27981 | D:14     | Upgraded the game from 0.29-a0-330-g52719c12eb to
                  | 0.29-a0-520-gc852659d43
 27981 | D:14     | Upgraded the game from 0.29-a0-520-gc852659d43 to
                  | 0.29-a0-541-gaf1fc19f1b
 27999 | D:14     | Quit the game

Illustrated notes

Levels and vault maps discovered:
D:1:      minmay_arrival_solitary_statue, layout_basic, serial_shops,
          shop_statue
D:2:      minmay_skewed_foursquare, layout_loops_ring
D:3:      layout_basic, serial_shops, nicolae_shop_stone, serial_corexii_hall,
          chequers_hall_statues_wall_a, chequers_hall_statues_y,
          gup_sewer_entry_glass, gammafunk_ghost_cemetery, uniq_robin
D:4:      layout_basic, minmay_temple_entry_statues_pillars, uniq_edmund,
          uniq_natasha
D:5:      layout_basic, vehumet_crystals
D:6:      layout_loops_corners, mainiacjoe_overflow_alcove_4,
          nicolae_overflow_hidden_temple, gammafunk_ghost_stat_death,
          minmay_misc_feat_room
D:7:      kennysheep_kobold_camp, layout_layer_cave, kennysheep_little_box
D:8:      layout_basic, lemuel_doored_altar,
          mainiacjoe_overflow_six_doors_small, mainiacjoe_overflow_alcove_1,
          minmay_lair_entry_grove, nicolae_take_the_stairs
D:9:      layout_loops_ring, lemuel_coloured_pillars_altar, orc_0_dummy,
          enter_bailey_2, uniq_maurice
D:10:     layout_gridville, mainiacjoe_overflow_alcove_2,
          kennysheep_generic_room_6
D:11:     layout_stronghold, serial_shops, shop, demons_altar, uniq_sonja
D:12:     layout_loops_ring, serial_shops, nicolae_shop_crystal, fedhas_altar_1
D:13:     layout_basic, david_vaults_2, nicolae_qazlal_style_of_elements
D:14:     layout_basic, serial_shops, shop_fountains,
          muffindrake_ghost_dual_entry, okawaru_metal_pillars_3
Lair:1:   layout_roguey
Lair:2:   layout_long_grid, beast_lair_carwin_1, lemuel_fruit_tree,
          uniq_gastronok
Lair:3:   layout_hall_layers, swamp_mist, special_room [special_room_bee],
          grunt_forest_large_clearings, grunt_megastairs_5
Lair:4:   layout_regular_city, nicolae_spider_entry_tight_spaces,
          serial_bayou_shore_a, grunt_megastairs_4
Lair:5:   layout_gridlike, nicolae_volcano_entry_batcave
Lair:6:   minmay_lair_end_frog_pond, layout_regular_city,
          dpeg_slime_entry_enclosed_altar

Skill      XL: |  1  2  3  4  5  6  7  8  9 10 11 12 13 14 |
---------------+-------------------------------------------+-----
Fighting       | 1 2 3 5 7 8 9 |  9.4
Conjurations   | 2 3 4 5 6 7 8 10 11 13 14 15 | 15.8
Translocations | 2 3 4 |  4.0
Air Magic      | 1 2 3 4 6 7 |  7.0
Poison Magic   | 1 2 3 |  3.0
Spellcasting   | 6 7 9 10 12 14 16 17 | 17.7
Fire Magic     | 2 4 |  4.0
Hexes          | 3 5 7 8 |  8.0
Evocations     | 3 5 |  5.0
Dodging        | 3 7 |  7.5
Transmutations | 4 |  4.7
Stealth        | |  2.5
Summonings     | |  1.1

Action                   |  1- 3 |  4- 6 |  7- 9 | 10-12 | 13-15 || total
-------------------------+-------+-------+-------+-------+-------++-------
Melee: Dagger            |     5 |       |       |       |       ||     5
       Whip              |       |       |     3 |    74 |       ||    77
       Quarterstaff      |       |       |    11 |     9 |       ||    20
       Punch             |       |       |       |     1 |     2 ||     3
       Falchion          |       |       |       |    64 |    75 ||   139
 Fire: Hunting sling     |    16 |   128 |   135 |       |       ||   279
 Cast: Magic Dart        |   118 |       |       |       |       ||   118
       Call Imp          |    10 |    16 |     2 |       |       ||    28
       Mephitic Cloud    |       |     9 |    23 |    22 |     5 ||    59
       Conjure Flame     |       |     6 |    23 |     6 |     3 ||    38
       Blink             |       |       |    10 |    12 |     4 ||    26
       Fulminant Prism   |       |       |    27 |   123 |    48 ||   198
       Tukima's Dance    |       |       |     1 |     7 |       ||     8
       Slow              |       |       |     1 |       |       ||     1
       Inner Flame       |       |       |       |    11 |     3 ||    14
       Searing Ray       |       |       |       |     4 |       ||     4
       Lightning Bolt    |       |       |       |    99 |   209 ||   308
       Iskenderun's Batt |       |       |       |       |    17 ||    17
       Irradiate         |       |       |       |       |    12 ||    12
Evoke: Wand              |       |       |     6 |     3 |     4 ||    13
  Use: Scroll            |     2 |    12 |     4 |    10 |    15 ||    43
       Potion            |       |       |       |     1 |     2 ||     3
 Stab: Confused          |       |       |     4 |    10 |       ||    14
Armor: Robe              |     3 |     8 |     5 |       |       ||    16
       Leather armour    |       |       |     6 |    96 |    85 ||   187
Dodge: Dodged            |    23 |    29 |    21 |   128 |   169 ||   370
Block: Other             |       |       |    14 |    69 |     9 ||    92
       Reflection        |       |       |     3 |     5 |       ||     8

Table legend: (Time is in decaauts)
 A = Elapsed time spent in this place.
 B = Non-inter-level travel time spent in this place.
 C = Inter-level travel time spent in this place.
 D = Time resting spent in this place.
 E = Time spent auto-exploring this place.
 F = Levels seen in this place.
 G = Mean time per level.
                   A        B        C        D        E       F      G
               +--------+--------+--------+--------+--------+-----+--------+
         Total |  28188 |  26318 |   1870 |    814 |  20349 |  23 | 1225.6 |
       Dungeon |  19397 |  17824 |   1573 |    412 |  14268 |  14 | 1385.5 |
          Lair |   7689 |   7393 |    296 |    174 |   5709 |   6 | 1281.5 |
         Sewer |    203 |    203 |      0 |     45 |     84 |   1 |  203.0 |
        Bailey |    809 |    809 |      0 |    183 |    287 |   1 |  809.0 |
       Volcano |     88 |     88 |      0 |      0 |      0 |   1 |   88.0 |
               +--------+--------+--------+--------+--------+-----+--------+

Top non-repeatable levels by time:
     D:4: 3038 daAuts
     D:7: 1944 daAuts
     D:1: 1859 daAuts
     D:8: 1841 daAuts
     D:3: 1464 daAuts
     D:2: 1462 daAuts
  Lair:1: 1458 daAuts
  Lair:4: 1452 daAuts
  Lair:3: 1397 daAuts
     D:6: 1347 daAuts
  Lair:2: 1341 daAuts
  Lair:6: 1183 daAuts
     D:5: 1170 daAuts
     D:9: 1100 daAuts
    D:10: 1044 daAuts
